AoeStats
← LRNI_robotech

Arabia

510300732Analyzed
1v1 RM · 1d ago on Sep 30, 2026· 21m 6s· 2 players
Game mode
Random Map
Map size
Tiny (2 player)
Population
200
Speed
Normal
Resources
Standard
Victory
Conquest
Starting age
Dark Age
Ending age
Imperial Age
RankedLock teamsTeams togetherTeam positionsShared explorationLock speedFull tech treeHidden civsTurbo modeCheats
Victory
Defeat
🇩🇪 Magyars · Germany
1395
+17
🇦🇷 Japanese · Argentina
1409
-17
AppY
6:18 Loom
8:53 Feudal Age
9:27 Double-Bit Axe
10:09 Horse Collar
15:35 Wheelbarrow
15:18 Fletching
LRNI_robotech
6:58 Loom
9:49 Feudal Age
9:54 Man-at-Arms
13:48 Double-Bit Axe
16:13 Fletching
Connection lost

Rejoining the realm…

Still unreachable

The connection could not be restored.

Session expired

The server has moved on; the page needs a fresh start.